[Event "ICC tourney 2783 (30 10)"]
[Site "Internet Chess Club"]
[Date "2022.01.02"]
[Round "4"]
[White "Luo, Leon:leonluo"]
[Black "PRABHU, TANYA GURPUR MADKE:BeBunnie9"]
[Result "0-1"]
[ICCResult "White resigns"]
[WhiteElo "1259"]
[BlackElo "1159"]
[Opening "Giuoco Piano"]
[ECO "C50"]
[NIC "IG.02"]
[Time "18:01:07"]
[PlyCount "106"]
[TimeControl "1800+10"]

1. e4 e5 2. Nf3 Nc6 3. Bc4 Bc5 4. Nc3 d6 5. h3 h6 6. d3 Nf6 7. Be3 Nd4 8.
Bxd4 exd4 9. Na4 Bb4+ 10. Nd2 Bxd2+ 11. Qxd2 c6 12. Bb3 b5 13. O-O bxa4 14.
Bxa4 Bd7 15. Rae1 O-O 16. f4 c5 17. Bb3 Be6 18. Ba4 Bd7 19. Bb3 Bc6 20. Qf2
Kh8 21. Qg3 Nh5 22. Qg4 Nf6 23. Qf5 Qd7 24. Qxd7 Bxd7 25. e5 dxe5 26. fxe5
Nh7 27. Rxf7 Rxf7 28. Bxf7 Be8 29. e6 Ng5 30. Rf1 Bxf7 31. exf7 Rf8 32. Rf5
Rxf7 33. Rxc5 Rd7 34. Kf2 Kg8 35. Kg3 Ne6 36. Re5 Kf7 37. Kg4 g6 38. Re4 Rc7
39. Re2 Rc5 40. Kf3 Ng5+ 41. Kf4 Rf5+ 42. Kg3 Ne6 43. Re4 Rg5+ 44. Kf2 Rf5+
45. Ke2 Kf6 46. g4 Re5 47. Kf3 Ng5+ 48. Kf4 Nxe4 49. dxe4 g5+ 50. Kf3 Ke6
51. c3 dxc3 52. bxc3 Ra5 53. Ke3 Rxa2 {White resigns} 0-1

[Event "ICC tourney 2783 (30 10)"]
[Site "Internet Chess Club"]
[Date "2022.01.02"]
[Round "4"]
[White "AYYAPPAN, ANUSHKA:Anushkaa"]
[Black "Bharathy Mohan, Aarav Sai:aaravbm"]
[Result "1-0"]
[ICCResult "Black checkmated"]
[WhiteElo "1303"]
[BlackElo "709"]
[Opening "Giuoco Piano"]
[ECO "C50"]
[NIC "IG.02"]
[Time "18:00:12"]
[PlyCount "65"]
[TimeControl "1800+10"]

1. e4 e5 2. Nf3 Nc6 3. Bc4 Bc5 4. O-O Nf6 5. d3 O-O 6. c3 d6 7. h3 h6 8. Re1
Bd7 9. d4 exd4 10. cxd4 Bb4 11. Nc3 Re8 12. Qb3 Rf8 13. Bd3 a5 14. Re2 a4
15. Qc2 Re8 16. a3 Ba5 17. Nxa4 h5 18. Nc3 h4 19. Bg5 Bxc3 20. bxc3 Ne7 21.
Bxf6 gxf6 22. Nxh4 Ng6 23. Nxg6 fxg6 24. Re3 Bc6 25. Rg3 Kg7 26. e5 f5 27.
exd6 Qxd6 28. Bxf5 Qd5 29. Bxg6 Kf8 30. Bxe8 Kxe8 31. Re1+ Kd7 32. Qh7+ Kd6
33. Qe7# {Black checkmated} 1-0

[Event "ICC tourney 2783 (30 10)"]
[Site "Internet Chess Club"]
[Date "2022.01.02"]
[Round "4"]
[White "DHURJATI, ANAGHA:amdink"]
[Black "LEBLOND, DIEGO V:sultandiego"]
[Result "0-1"]
[ICCResult "White resigns"]
[WhiteElo "1463"]
[BlackElo "1463"]
[Opening "Sicilian"]
[ECO "B50"]
[NIC "SI.01"]
[Time "18:00:11"]
[PlyCount "127"]
[TimeControl "1800+10"]

1. e4 c5 2. Nf3 d6 3. d3 g6 4. Nc3 Bg7 5. Be2 Nf6 6. O-O O-O 7. Bf4 Nc6 8.
a3 Bd7 9. Qd2 Nd4 10. Nxd4 cxd4 11. Nd5 Nxd5 12. exd5 Rc8 13. Bh6 Bxh6 14.
Qxh6 Rxc2 15. Bf3 Rxb2 16. Qh4 Rd2 17. Qxd4 Qa5 18. Qb4 Qxb4 19. axb4 a6 20.
Rac1 Rc8 21. Rxc8+ Bxc8 22. Rc1 Bf5 23. Rc7 Rb2 24. h3 Rb1+ 25. Kh2 Rxb4 26.
Be4 a5 27. Bxf5 gxf5 28. Rxe7 a4 29. Re8+ Kg7 30. Ra8 Rd4 31. Ra5 Kf6 32. g3
f4 33. Rb5 a3 34. Rxb7 fxg3+ 35. fxg3 Rxd3 36. g4 a2 37. Ra7 Rd2+ 38. Kg3
Ke5 39. Kf3 Kxd5 40. Ke3 Rh2 41. Kd3 Rxh3+ 42. Kc2 Rh2+ 43. Kb3 Ke5 44. g5
Ke6 45. Ra5 d5 46. Ra7 Rg2 47. Ra6+ Ke5 48. Ra7 d4 49. Kc4 Rc2+ 50. Kd3 Rc3+
51. Kd2 Rg3 52. Kc2 Rxg5 53. Rxa2 Rg2+ 54. Kb3 Rxa2 55. Kxa2 Ke4 56. Kb2 Ke3
57. Kc1 Ke2 58. Kc2 d3+ 59. Kb2 d2 60. Ka2 d1=Q 61. Kb2 Kd3 62. Ka3 Qb1 63.
Ka4 Kc4 64. Ka5 {White resigns} 0-1

[Event "ICC tourney 2783 (30 10)"]
[Site "Internet Chess Club"]
[Date "2022.01.02"]
[Round "4"]
[White "BAI, JEFFREY:Jeffchess"]
[Black "MOHAN, SHANKARA:BellaVista"]
[Result "0-1"]
[ICCResult "White checkmated"]
[WhiteElo "1174"]
[BlackElo "1203"]
[Opening "Giuoco Piano: four knights variation"]
[ECO "C47"]
[NIC "KP.06"]
[Time "18:00:39"]
[PlyCount "122"]
[TimeControl "1800+10"]

1. e4 e5 2. Nc3 Nc6 3. Nf3 Nf6 4. Bc4 Bc5 5. Na4 Bb6 6. Nxb6 axb6 7. d4 exd4
8. e5 Ng4 9. Ng5 Ngxe5 10. Qe2 O-O 11. O-O Nxc4 12. Qxc4 d5 13. Qd3 g6 14.
c4 Bf5 15. Qb3 Na5 16. Qb4 c5 17. Qa3 dxc4 18. b4 Nc6 19. Qg3 Nxb4 20. h3
Nc2 21. Qh4 h5 22. g4 f6 23. gxf5 fxg5 24. Bxg5 Qd6 25. Be7 Qc6 26. f6 Rf7
27. Qg5 Kh7 28. f4 Qe4 29. f5 Qe3+ 30. Qxe3 dxe3 31. Rab1 e2 32. Rfe1 Nxe1
33. Rxe1 Rxa2 34. fxg6+ Kxg6 35. Kf2 Rxf6+ 36. Bxf6 Kxf6 37. Ke3 b5 38. Ke4
Ke6 39. Kf4 b4 40. Kg5 b5 41. Kxh5 Kd5 42. Kg5 Kd4 43. Kf4 Kd3 44. Kf3 c3
45. h4 b3 46. h5 Ra8 47. h6 Rh8 48. Rh1 Rxh6 49. Rxh6 e1=Q 50. Rd6+ Kc4 51.
Rb6 Qd1+ 52. Kf4 Qd2+ 53. Ke5 Qd4+ 54. Ke6 Qd5+ 55. Ke7 c2 56. Rh6 Qg5+ 57.
Kf7 Qxh6 58. Kg8 Qf6 59. Kh7 Qg5 60. Kh8 c1=Q 61. Kh7 Qh1# {White
checkmated} 0-1

[Event "ICC tourney 2783 (30 10)"]
[Site "Internet Chess Club"]
[Date "2022.01.02"]
[Round "4"]
[White "BELEW, FINN:WaSabi5829"]
[Black "Krishnan, Ashvath:ashvathk5"]
[Result "0-1"]
[ICCResult "White resigns"]
[WhiteElo "1554"]
[BlackElo "1282"]
[Opening "Queen's pawn, Mason variation"]
[ECO "D00"]
[NIC "QP.08"]
[Time "18:00:18"]
[PlyCount "66"]
[TimeControl "1800+10"]

1. d4 d5 2. Bf4 Nf6 3. e3 Bf5 4. Nf3 e6 5. c4 Nbd7 6. Nc3 c6 7. Qb3 Qb6 8.
c5 Qxb3 9. axb3 Be7 10. b4 O-O 11. b5 Ne4 12. Nxe4 Bxe4 13. Nd2 Bf5 14. Be2
f6 15. O-O e5 16. dxe5 fxe5 17. bxc6 bxc6 18. Bg3 Rfb8 19. Nf3 Rxb2 20. Ba6
Bf6 21. Rfc1 g5 22. h4 g4 23. Ne1 e4 24. Ra4 Be5 25. Nc2 Bxg3 26. fxg3 Nxc5
27. Ra5 Nb3 28. Bb7 Rb8 29. Bxc6 Nxa5 30. Bxd5+ Kh8 31. Nd4 Rb1 32. Rxb1
Rxb1+ 33. Kh2 Bg6 {White resigns} 0-1

[Event "ICC tourney 2783 (30 10)"]
[Site "Internet Chess Club"]
[Date "2022.01.02"]
[Round "4"]
[White "BUENAVISTA, PROSPERO SILOS:perryb"]
[Black "Doan Giang, Nguyen Doan:Doctorstrange04"]
[Result "0-1"]
[ICCResult "White resigns"]
[WhiteElo "1697"]
[BlackElo "1575"]
[Opening "Queen's pawn: London system"]
[ECO "A45"]
[NIC "QP.07"]
[Time "18:00:19"]
[PlyCount "152"]
[TimeControl "1800+10"]

1. d4 Nf6 2. Bf4 g6 3. e3 Bg7 4. c4 O-O 5. Nc3 c5 6. Nf3 cxd4 7. exd4 d5 8.
Qb3 dxc4 9. Bxc4 Nc6 10. Nb5 Na5 11. Qc3 Nxc4 12. Qxc4 Be6 13. Qc7 Nd5 14.
Qxd8 Rfxd8 15. Bc7 Rd7 16. Bg3 Nb4 17. O-O Bc4 18. Nc7 Rc8 19. Rfc1 Be2 20.
a3 Nd3 21. Rc3 Bxf3 22. Rxd3 Be4 23. Re3 Bc6 24. d5 Bxd5 25. Nxd5 Rxd5 26.
Rxe7 Rb5 27. Rae1 Bf6 28. Re8+ Rxe8 29. Rxe8+ Kg7 30. b4 a5 31. Bd6 g5 32.
Bf8+ Kg6 33. Bc5 axb4 34. axb4 Bc3 35. Re4 b6 36. Bf8 Rd5 37. g4 Rd2 38. Re3
Bd4 39. Rf3 f6 40. Kf1 Be5 41. b5 Rb2 42. h3 Rxb5 43. Rd3 h5 44. Rd7 hxg4
45. hxg4 f5 46. gxf5+ Kxf5 47. Bg7 Rb1+ 48. Ke2 Rb2+ 49. Kf1 Bxg7 50. Rxg7
Rc2 51. Rb7 Rc6 52. Kg2 Ke4 53. Kg3 Kf5 54. Rf7+ Ke6 55. Rb7 Kf6 56. Rh7
Rc3+ 57. f3 b5 58. Rh6+ Ke5 59. Rb6 Rc5 60. Kg4 Kd4 61. Rd6+ Kc3 62. Rd1 Kc2
63. Rd4 Rc4 64. Rxc4+ bxc4 65. Kxg5 Kb2 66. f4 c3 67. f5 c2 68. Kg6 c1=Q 69.
f6 Qg1+ 70. Kh7 Qf2 71. Kg7 Qg3+ 72. Kh6 Qh4+ 73. Kg7 Qg5+ 74. Kf7 Kc3 75.
Ke6 Qc5 76. f7 Qf8 {White resigns} 0-1

[Event "ICC tourney 2783 (30 10)"]
[Site "Internet Chess Club"]
[Date "2022.01.02"]
[Round "4"]
[White "KU, HUNTER:petitejudo"]
[Black "PARLAPALLI, ANIKETH SAI:chessboss05"]
[Result "1-0"]
[ICCResult "Black resigns"]
[WhiteElo "1160"]
[BlackElo "1337"]
[Opening "Sicilian: Smith-Morra gambit"]
[ECO "B21"]
[NIC "SI.47"]
[Time "18:02:06"]
[PlyCount "107"]
[TimeControl "1800+10"]

1. e4 c5 2. d4 cxd4 3. c3 Nf6 4. e5 Nd5 5. Qxd4 e6 6. Nf3 Nc6 7. Qe4 d6 8.
Bc4 Nb6 9. Bb5 Bd7 10. O-O a6 11. Bd3 Be7 12. exd6 Bxd6 13. Bg5 f6 14. Bh4
Qc7 15. Nbd2 Ne5 16. Nxe5 Bxe5 17. Nf3 Bc6 18. Qg4 f5 19. Qh3 Bxf3 20. gxf3
Nd5 21. Bg3 Nf4 22. Bxf4 Bxf4 23. Rfe1 Qc6 24. Bxf5 e5 25. Rad1 Rd8 26.
Rxd8+ Kxd8 27. Rd1+ Ke7 28. Rd7+ Ke8 29. Rxg7 Qd6 30. Qh5+ Kd8 31. Rd7+ Qxd7
32. Bxd7 Kxd7 33. Qf7+ Kc8 34. Qe6+ Kb8 35. c4 Rd8 36. c5 Rd1+ 37. Kg2 Rd2
38. Qe8+ Ka7 39. c6 bxc6 40. Qxc6 Rxb2 41. a4 Be3 42. Qc7+ Ka8 43. Qd8+ Ka7
44. Qe7+ Ka8 45. Qxe5 Rxf2+ 46. Kh3 Rxf3+ 47. Kg4 h5+ 48. Kxf3 Bd4 49. Qxd4
a5 50. Qb6 h4 51. Qb5 h3 52. Ke4 Ka7 53. Kd5 Ka8 54. Kc6 {Black resigns} 1-0

[Event "ICC tourney 2783 (30 10)"]
[Site "Internet Chess Club"]
[Date "2022.01.02"]
[Round "4"]
[White "GOVINDARAJULA, PRANAY SIDDHARTH:K06-17345554"]
[Black "Zhang, Oscar Yihang:oscaryhz"]
[Result "1-0"]
[ICCResult "Black resigns"]
[WhiteElo "1543"]
[BlackElo "1086"]
[Opening "King's Indian: Zinnowitz variation"]
[ECO "E90"]
[NIC "KI.21"]
[Time "18:00:12"]
[PlyCount "125"]
[TimeControl "1800+10"]

1. d4 Nf6 2. c4 g6 3. Nc3 Bg7 4. e4 d6 5. Nf3 O-O 6. Bg5 Bg4 7. Be2 Bxf3 8.
Bxf3 e5 9. dxe5 dxe5 10. Qxd8 Rxd8 11. Nd5 Nbd7 12. O-O-O c6 13. Nc3 Nb6 14.
b3 h6 15. Be3 Re8 16. Be2 Rad8 17. f3 Nc8 18. Rd2 Rxd2 19. Kxd2 b6 20. Kc2
Rd8 21. Rd1 Rxd1 22. Kxd1 Kf8 23. Kc2 Ke7 24. a4 a6 25. b4 Nd7 26. g3 Kd6
27. f4 f6 28. h4 f5 29. h5 gxh5 30. exf5 Ne7 31. Ne4+ Kc7 32. f6 Nxf6 33.
Nxf6 Bxf6 34. Bxh5 Nf5 35. Bf2 exf4 36. gxf4 Nd4+ 37. Kd3 c5 38. Ke4 Ne6 39.
Bg4 Nd4 40. Kd5 Nb3 41. bxc5 bxc5 42. Bxc5 Nxc5 43. Kxc5 Be7+ 44. Kd5 Kb6
45. Ke6 Bh4 46. f5 Kc5 47. Be2 h5 48. Ke5 Bg5 49. Ke4 h4 50. Kd3 Bf6 51. Bf3
a5 52. Ba8 Be5 53. Ke4 Bf6 54. Bd5 Be7 55. Ke5 h3 56. f6 Bxf6+ 57. Kxf6 Kd6
58. Kf5 h2 59. Kf6 Kc5 60. Ke6 h1=R 61. Bxh1 Kxc4 62. Kd6 Kb4 63. Bc6
{Black resigns}
1-0

[Event "ICC tourney 2783 (30 10)"]
[Site "Internet Chess Club"]
[Date "2022.01.02"]
[Round "4"]
[White "GEVORGYAN, DAVIT:Davo29"]
[Black "PULIJALA, AKSHAJ:akshajp"]
[Result "1-0"]
[ICCResult "Black resigns"]
[WhiteElo "1573"]
[BlackElo "1558"]
[Opening "Sicilian: Nimzovich-Rossolimo attack (with ...g6, without ...d6)"]
[ECO "B31"]
[NIC "SI.31"]
[Time "18:00:28"]
[PlyCount "111"]
[TimeControl "1800+10"]

1. e4 c5 2. Nf3 Nc6 3. Bb5 g6 4. O-O Bg7 5. c3 Nf6 6. Re1 O-O 7. d4 cxd4 8.
cxd4 d6 9. Nc3 a6 10. Bf1 Bg4 11. Be3 b5 12. a3 Nd7 13. Be2 Rc8 14. Rc1 Na5
15. Nd5 Nb6 16. Rxc8 Bxc8 17. Nxb6 Qxb6 18. d5 Qd8 19. Bd4 Bb7 20. Bxg7 Kxg7
21. b4 Nc4 22. Bxc4 bxc4 23. Qd4+ f6 24. Qxc4 Qd7 25. Nd4 Rc8 26. Qd3 Kg8
27. Qd2 Qe8 28. Rc1 Rxc1+ 29. Qxc1 Qd7 30. Ne6 g5 31. Qc7 Qxc7 32. Nxc7 h5
33. f3 Kf7 34. Kf2 h4 35. g3 Kg6 36. Ke3 Kh5 37. g4+ Kg6 38. Kd4 f5 39.
gxf5+ Kf6 40. b5 axb5 41. Nxb5 Ba6 42. Nc7 Bb7 43. a4 g4 44. fxg4 Kg5 45.
Ke3 Kxg4 46. a5 Kh3 47. Kf2 Kxh2 48. a6 Bxa6 49. Nxa6 Kh1 50. e5 dxe5 51. f6
e4 52. fxe7 e3+ 53. Kxe3 h3 54. e8=Q h2 55. Qh5 Kg1 56. Qxh2+ {Black
resigns} 1-0

[Event "ICC tourney 2783 (30 10)"]
[Site "Internet Chess Club"]
[Date "2022.01.02"]
[Round "4"]
[White "LAIDO, MATTHEW:Dabao"]
[Black "DUDIPALA, DAKSH:swathivjdp"]
[Result "0-1"]
[ICCResult "White checkmated"]
[WhiteElo "1062"]
[BlackElo "1406"]
[Opening "Sicilian: Alapin's variation (2.c3)"]
[ECO "B22"]
[NIC "SI.46"]
[Time "18:00:58"]
[PlyCount "116"]
[TimeControl "1800+10"]

1. e4 c5 2. c3 Nc6 3. d4 cxd4 4. cxd4 d6 5. Nf3 g6 6. Nc3 Bg7 7. Bc4 Bg4 8.
h3 Bd7 9. Be3 Nf6 10. Qb3 Na5 11. Qb4 Nxc4 12. Qxc4 O-O 13. O-O Rc8 14. Qb3
b6 15. Rfe1 Qc7 16. Rac1 Qb7 17. Bf4 Nh5 18. Bh2 Kh8 19. Rcd1 f5 20. e5 f4
21. Ng5 Be8 22. e6 h6 23. Nf3 Rf5 24. d5 Rc5 25. Nh4 Bxc3 26. Nxf5 Bxe1 27.
Rxe1 gxf5 28. Rd1 Nf6 29. Bxf4 Rxd5 30. Bxh6 Rxd1+ 31. Qxd1 Qd5 32. Qc1 Qxe6
33. a3 Kh7 34. Be3 Nd5 35. Qc4 Bf7 36. Qh4+ Kg7 37. Bd4+ Kf8 38. Qh8+ Bg8
39. g3 f4 40. g4 f3 41. Kh2 Ke8 42. Qh5+ Bf7 43. Qg5 Kd7 44. Qd2 Qe4 45. Kg3
Be6 46. Qd1 Qf4+ 47. Kh4 Nf6 48. Bxf6 exf6 49. Qd3 Qe5 50. b4 Qg5+ 51. Kg3
Qe5+ 52. Kxf3 Bd5+ 53. Qe4 Qxe4+ 54. Kg3 f5 55. g5 f4+ 56. Kh4 f3+ 57. Kh5
Bf7+ 58. Kh6 Qg6# {White checkmated} 0-1

[Event "ICC tourney 2783 (30 10)"]
[Site "Internet Chess Club"]
[Date "2022.01.02"]
[Round "4"]
[White "BRUDNO, STEPHEN:StevChess01"]
[Black "KRISHNAN, SHREYANK:K05-16258876"]
[Result "1-0"]
[ICCResult "Black checkmated"]
[WhiteElo "1440"]
[BlackElo "1054"]
[Opening "QGD: exchange, positional line"]
[ECO "D35"]
[NIC "QO.16"]
[Time "18:00:13"]
[PlyCount "135"]
[TimeControl "1800+10"]

1. d4 d5 2. c4 e6 3. Nc3 Nf6 4. cxd5 exd5 5. Bg5 Bb4 6. Qa4+ Nc6 7. e3 O-O
8. Bd3 Be6 9. Ne2 h6 10. Bh4 Be7 11. a3 Bd7 12. Qc2 Be6 13. O-O a6 14. b4
Qd6 15. Bg3 Qd7 16. Rfc1 Rac8 17. f3 Rfe8 18. Kh1 Kh8 19. Bf2 Qd6 20. Bg1
Nd7 21. e4 Nb6 22. e5 Qd7 23. f4 Qd8 24. Ng3 Bh4 25. Nf5 Bxf5 26. Bxf5 Rb8
27. g3 Be7 28. Na4 Nxa4 29. Qxa4 Ra8 30. Qb3 Bf8 31. Qf3 Ne7 32. Bc2 Nc6 33.
Qd3 g6 34. f5 Qg5 35. fxg6 fxg6 36. Qxg6 Qxg6 37. Bxg6 Re6 38. Bd3 Be7 39.
Bf5 Bg5 40. Bxe6 Bxc1 41. Rxc1 Re8 42. Bxd5 Rc8 43. Bxc6 bxc6 44. Rxc6 Kg7
45. Rxa6 c6 46. Ra5 Kg6 47. g4 Kg5 48. h3 Kh4 49. Kg2 Rf8 50. Bf2+ Kg5 51.
e6+ Kf6 52. Rf5+ Ke7 53. Rxf8 Kxf8 54. b5 cxb5 55. d5 Ke7 56. Be3 Kd6 57.
Bxh6 Ke7 58. Bf4 Kf6 59. Kf3 Ke7 60. Ke4 Kf6 61. g5+ Kg6 62. d6 Kh5 63. d7
Kh4 64. d8=Q Kxh3 65. Qd2 Kg4 66. Qg2+ Kh5 67. Kf5 b4 68. Qh2#
{Black checkmated}
1-0

[Event "ICC tourney 2783 (30 10)"]
[Site "Internet Chess Club"]
[Date "2022.01.02"]
[Round "4"]
[White "BHAGWAGAR, SARVIN:TheSuperKnight"]
[Black "HOSUR, SANMITA:phosur"]
[Result "1-0"]
[ICCResult "Black forfeits on time"]
[WhiteElo "1193"]
[BlackElo "1306"]
[Opening "Sicilian: closed"]
[ECO "B23"]
[NIC "SI.44"]
[Time "18:00:15"]
[PlyCount "85"]
[TimeControl "1800+10"]

1. e4 c5 2. Nc3 g6 3. Bc4 Bg7 4. Nf3 Nc6 5. d3 Nf6 6. Be3 O-O 7. Bxc5 d6 8.
Be3 Na5 9. Bb3 Nxb3 10. axb3 d5 11. exd5 Nxd5 12. Bd4 Bxd4 13. Nxd4 e5 14.
Nf3 Nxc3 15. bxc3 Re8 16. O-O f5 17. Re1 e4 18. dxe4 Qxd1 19. Raxd1 fxe4 20.
Ng5 Bf5 21. Rd4 Rad8 22. Nxe4 Rxd4 23. Nf6+ Kf7 24. Nxe8 Rd2 25. Nc7 Rxc2
26. Nb5 a6 27. Nd6+ Kf6 28. Nxb7 Rxc3 29. b4 Rc4 30. Nc5 a5 31. Nb3 axb4 32.
f3 Rc3 33. Nd2 b3 34. g4 b2 35. gxf5 Rc1 36. Kf2 Rc2 37. Ke3 Rc1 38. Ke2
Kxf5 39. Rd1 g5 40. Rf1 Kg6 41. Kf2 Rc2 42. Ke3 Rc1 43. Ke2
{Black forfeits on time}
1-0

[Event "ICC tourney 2783 (30 10)"]
[Site "Internet Chess Club"]
[Date "2022.01.02"]
[Round "5"]
[White "Doan Giang, Nguyen Doan:Doctorstrange04"]
[Black "GEVORGYAN, DAVIT:Davo29"]
[Result "1/2-1/2"]
[ICCResult "Game drawn by mutual agreement"]
[WhiteElo "1575"]
[BlackElo "1573"]
[Opening "Queen's pawn, Mason variation"]
[ECO "D00"]
[NIC "QP.08"]
[Time "20:00:43"]
[PlyCount "27"]
[TimeControl "1800+10"]

1. d4 d5 2. Bf4 Nf6 3. e3 c5 4. c3 Nc6 5. Nd2 Bg4 6. Ngf3 e6 7. Bd3 Bd6 8.
Bg3 cxd4 9. cxd4 Bb4 10. O-O Rc8 11. Qb3 O-O 12. a3 Bxd2 13. Nxd2 Na5 14.
Qa4 {Game drawn by mutual agreement} 1/2-1/2

[Event "ICC tourney 2783 (30 10)"]
[Site "Internet Chess Club"]
[Date "2022.01.02"]
[Round "5"]
[White "BAI, JEFFREY:Jeffchess"]
[Black "DHURJATI, ANAGHA:amdink"]
[Result "0-1"]
[ICCResult "White checkmated"]
[WhiteElo "1174"]
[BlackElo "1463"]
[Opening "Evans gambit declined, Cordel variation"]
[ECO "C51"]
[NIC "IG.05"]
[Time "20:00:29"]
[PlyCount "80"]
[TimeControl "1800+10"]

1. e4 e5 2. Nf3 Nc6 3. Bc4 Bc5 4. b4 Bb6 5. Bb2 d6 6. a4 a6 7. c3 Nf6 8. Qc2
O-O 9. d3 Bg4 10. Nbd2 d5 11. exd5 Nxd5 12. h3 Bh5 13. Qb3 Nf4 14. g4 Bg6
15. d4 exd4 16. cxd4 Re8+ 17. Kd1 Bxd4 18. h4 Bxb2 19. h5 Bc2+ 20. Kxc2 Bxa1
21. Bxf7+ Kh8 22. Rxa1 Re2 23. Rf1 Rxd2+ 24. Nxd2 Nd4+ 25. Kb2 Nxb3 26. Nxb3
Qf6+ 27. Ka3 Qxf7 28. Nc5 Qc4 29. Rh1 Qc3+ 30. Nb3 Rd8 31. Rc1 Qf3 32. Rxc7
h6 33. Kb2 Qxf2+ 34. Rc2 Qe3 35. Rc3 Rd3 36. Rc8+ Kh7 37. Nc1 Rd2+ 38. Kb1
Qe4+ 39. Ka1 Qd4+ 40. Kb1 Qb2# {White checkmated} 0-1

[Event "ICC tourney 2783 (30 10)"]
[Site "Internet Chess Club"]
[Date "2022.01.02"]
[Round "5"]
[White "Zhang, Oscar Yihang:oscaryhz"]
[Black "HE, EDEN:edenhe"]
[Result "0-1"]
[ICCResult "White checkmated"]
[WhiteElo "1086"]
[BlackElo "1484"]
[Opening "French: Rubinstein variation"]
[ECO "C10"]
[NIC "FR.07"]
[Time "20:00:29"]
[PlyCount "114"]
[TimeControl "1800+10"]

1. e4 e6 2. d4 d5 3. Nc3 dxe4 4. Nxe4 Nd7 5. Nf3 Ngf6 6. Nxf6+ Nxf6 7. Bg5
Be7 8. Be2 O-O 9. O-O b6 10. Ne5 Bb7 11. Bf3 Bxf3 12. Nxf3 h6 13. Bf4 c5 14.
dxc5 Bxc5 15. Qxd8 Rfxd8 16. Rad1 Nd5 17. Be5 Nb4 18. c3 Nd3 19. b3 Nxf2 20.
Rxd8+ Rxd8 21. Bd4 Bxd4 22. Nxd4 Ne4 23. Nc6 Rd7 24. c4 Nc3 25. a3 a5 26.
Kf2 Rd2+ 27. Kg3 Ne4+ 28. Kf4 Nc5 29. b4 axb4 30. axb4 Na6 31. Ra1 Nc7 32.
Ra7 Ne8 33. Rb7 Nd6 34. c5 Nxb7 35. cxb6 Rd7 36. b5 Kh7 37. Ke5 Rd5+ 38. Ke4
Rxb5 39. Ne5 Rxb6 40. Nxf7 Nd6+ 41. Nxd6 Rxd6 42. Ke5 Ra6 43. h3 Kg6 44. g4
Kg5 45. Ke4 Kh4 46. Kf4 Kxh3 47. g5 Ra4+ 48. Ke5 hxg5 49. Kxe6 g4 50. Kf5 g3
51. Ke5 g2 52. Kf5 g1=Q 53. Ke5 Qe3+ 54. Kd5 Rd4+ 55. Kc6 Qc3+ 56. Kb5 Rb4+
57. Ka5 Qa3# {White checkmated} 0-1

[Event "ICC tourney 2783 (30 10)"]
[Site "Internet Chess Club"]
[Date "2022.01.02"]
[Round "5"]
[White "KRISHNAN, SHREYANK:K05-16258876"]
[Black "Luo, Leon:leonluo"]
[Result "1-0"]
[ICCResult "Black checkmated"]
[WhiteElo "1054"]
[BlackElo "1259"]
[Opening "QGD: Harrwitz attack"]
[ECO "D35"]
[NIC "QO.16"]
[Time "20:00:31"]
[PlyCount "63"]
[TimeControl "1800+10"]

1. d4 d5 2. c4 e6 3. Nc3 Nf6 4. Bf4 c6 5. e3 Nbd7 6. Nf3 Bb4 7. Be2 Qa5 8.
Qc1 Ne4 9. a3 Bxc3+ 10. bxc3 Nxc3 11. Qd2 b6 12. O-O Nxe2+ 13. Qxe2 Ba6 14.
Nd2 dxc4 15. Nxc4 Qd5 16. Rfc1 Bxc4 17. Rxc4 O-O 18. Rac1 c5 19. Qb2 Rac8
20. Qb5 f6 21. h3 e5 22. Bg3 Rce8 23. Kh2 exd4 24. Rxd4 Qa2 25. Rxd7 Qxa3
26. Rcd1 Qc3 27. Bd6 Qc2 28. Bxf8 Rxf8 29. Rd8 Qg6 30. Rxf8+ Kxf8 31. Rd8+
Ke7 32. Qd7# {Black checkmated} 1-0

[Event "ICC tourney 2783 (30 10)"]
[Site "Internet Chess Club"]
[Date "2022.01.02"]
[Round "5"]
[White "Mehta, Dhairya  M:Chesschamp27"]
[Black "SPERBER, JACOB:jacobsperber"]
[Result "1-0"]
[ICCResult "Black resigns"]
[WhiteElo "1529"]
[BlackElo "1525"]
[Opening "Sicilian: Taimanov variation"]
[ECO "B45"]
[NIC "SI.39"]
[Time "20:00:30"]
[PlyCount "77"]
[TimeControl "1800+10"]

1. e4 c5 2. Nf3 e6 3. d4 cxd4 4. Nxd4 Nc6 5. Nc3 Nf6 6. Be3 a6 7. Qd2 Be7 8.
O-O-O d6 9. f3 O-O 10. g4 Nxd4 11. Qxd4 b5 12. g5 Nd7 13. Qd2 b4 14. Ne2 a5
15. Rg1 Bb7 16. h4 Rb8 17. h5 a4 18. g6 b3 19. gxh7+ Kxh7 20. cxb3 axb3 21.
a3 d5 22. exd5 Bxd5 23. Bh3 Ne5 24. Bd4 Bf6 25. Bxe5 Bxe5 26. Rdf1 Rc8+ 27.
Nc3 Bxc3 28. bxc3 Qf6 29. Kb2 Rfd8 30. Qc1 Rc5 31. Rg3 Rdc8 32. f4 Ra5 33.
Rfg1 Rg8 34. Bg2 Rxa3 35. Bxd5 Ra2+ 36. Kxb3 exd5 37. Kxa2 Qb6 38. Qb1+
Qxb1+ 39. Kxb1 {Black resigns} 1-0

[Event "ICC tourney 2783 (30 10)"]
[Site "Internet Chess Club"]
[Date "2022.01.02"]
[Round "5"]
[White "DUDIPALA, DAKSH:swathivjdp"]
[Black "GOVINDARAJULA, PRANAY SIDDHARTH:K06-17345554"]
[Result "1-0"]
[ICCResult "Black resigns"]
[WhiteElo "1406"]
[BlackElo "1543"]
[Opening "Sicilian: Najdorf, Lipnitzky attack"]
[ECO "B86"]
[NIC "SI.13"]
[Time "20:00:27"]
[PlyCount "89"]
[TimeControl "1800+10"]

1. e4 c5 2. Nf3 d6 3. d4 cxd4 4. Nxd4 Nf6 5. Nc3 a6 6. Bc4 e6 7. O-O Qc7 8.
Bb3 Be7 9. f4 O-O 10. Kh1 b5 11. a3 Bb7 12. Qe2 Re8 13. Be3 Nxe4 14. Nxe4
Bxe4 15. f5 e5 16. Bxf7+ Kxf7 17. Qh5+ Kg8 18. Qxe8+ Bf8 19. Ne6 Bxg2+ 20.
Kxg2 Qb7+ 21. Kg1 Nd7 22. Qh5 Qe4 23. Rf3 Nf6 24. Qh3 Qxc2 25. Raf1 Ne4 26.
Qg2 Qc6 27. Nxf8 Rxf8 28. Bh6 Rf7 29. Bg5 d5 30. Rh3 d4 31. Rh4 h6 32. Qxe4
Qxe4 33. Rxe4 hxg5 34. Rxe5 Rd7 35. Rd1 Kf7 36. Re4 d3 37. Re3 Rc7 38. Rexd3
Rc2 39. R1d2 Rc1+ 40. Kg2 Kf6 41. Rd6+ Kxf5 42. Rxa6 Rc4 43. Ra5 Rg4+ 44.
Kh1 Kf4 45. Rd4+ {Black resigns} 1-0

[Event "ICC tourney 2783 (30 10)"]
[Site "Internet Chess Club"]
[Date "2022.01.02"]
[Round "5"]
[White "Bharathy Mohan, Aarav Sai:aaravbm"]
[Black "PARLAPALLI, ANIKETH SAI:chessboss05"]
[Result "1/2-1/2"]
[ICCResult "Game drawn by mutual agreement"]
[WhiteElo "709"]
[BlackElo "1337"]
[Opening "Sicilian: closed"]
[ECO "B23"]
[NIC "SI.44"]
[Time "20:01:16"]
[PlyCount "80"]
[TimeControl "1800+10"]

1. e4 c5 2. Nc3 d6 3. Bb5+ Bd7 4. Bxd7+ Qxd7 5. Nf3 Nc6 6. d3 g6 7. Bf4 Bg7
8. Bd2 e6 9. O-O Nge7 10. Qc1 O-O 11. Bh6 d5 12. Bxg7 Kxg7 13. exd5 Nxd5 14.
Nxd5 exd5 15. Re1 Rfe8 16. Rxe8 Rxe8 17. Qd2 Ne5 18. Nxe5 Rxe5 19. d4 Re6
20. dxc5 Qe7 21. Qc3+ Kg8 22. Kf1 Rc6 23. b4 b6 24. Re1 Qf8 25. Qa3 bxc5 26.
bxc5 Qxc5 27. Re8+ Kg7 28. Qb2+ Qc3 29. Rb8 Qxb2 30. Rxb2 Kf6 31. g3 Re6 32.
h4 h5 33. Rb3 Kg7 34. Ra3 a6 35. Rb3 Rc6 36. Rb2 Re6 37. Rb3 Rc6 38. Rb2 Re6
39. c3 Rc6 40. Rc2 Kf6 {Game drawn by mutual agreement} 1/2-1/2